 Dungeon Crawl Stone Soup version 0.25-b1-23-ge2ad7d536c (webtiles) character file.

Game seed: 188369194825664754, levelgen mode: deterministic

52 Masnef the Sneak (level 3, -9/16 HPs)
             Began as a Spriggan Enchanter on May 31, 2020.
             Was a Priest of Ashenzari.
             Killed from afar by a wizard (25 damage)
             ... with a bolt of lightning
             ... on level 10 of the Dungeon.
             The game lasted 00:37:48 (5325 turns).

Masnef the Sneak (Spriggan Enchanter)               Turns: 5325, Time: 00:37:49

Health: -9/16      AC:  3    Str:  4    XL:     3   Next: 60%
Magic:  8/8        EV: 19    Int: 17    God:    Ashenzari [***...]
Gold:   199        SH:  7    Dex: 16    Spells: 2/7 levels left

rFire    + . .     SeeInvis +   a - +2 dagger (curse)
rCold    . . .     Gourm    .   g - +2 buckler (curse)
rNeg     . . .     Faith    .   b - +0 robe (curse)
rPois    .         Spirit   .   (helmet restricted)
rElec    .         Reflect  .   t - +0 cloak (curse)
rCorr    .         Harm     .   (gloves unavailable)
MR       .....                  (boots unavailable)
Stlth    ++++......             n - amulet of regeneration (curse)
HPRegen  0.45/turn              c - ring of wizardry (curse)
MPRegen  0.11/turn              h - ring of protection from fire

@: very quick
A: very small, unfitting armour, see invisible, herbivore, speed 3, slow
metabolism 2
a: Curse Item, Scrying, Renounce Religion


You were on level 10 of the Dungeon.
You worshipped Ashenzari.
Ashenzari was most pleased with you.
You were not hungry.

You visited 1 branch of the dungeon, and saw 11 of its levels.

You collected 479 gold pieces.
You spent 280 gold pieces at shops.

Inventory:

Hand Weapons
 a - a cursed +2 dagger (weapon)
Missiles
 p - 41 poisoned darts (quivered)
Armour
 b - a cursed +0 robe (worn)
 g - a cursed +2 buckler (worn)
 t - a cursed +0 cloak (worn)
 u - a +2 robe of fire resistance
 H - a +1 cloak
Jewellery
 c - a cursed ring of wizardry (left hand)
 e - an uncursed ring of flight
 h - a ring of protection from fire (right hand)
 n - a cursed amulet of regeneration (around neck)
 C - a +6 ring of strength
 D - an uncursed ring of ice
 J - an uncursed amulet of faith
Wands
 s - a wand of disintegration (31)
 w - a wand of enslavement (7)
 K - a wand of clouds (5)
 M - a wand of iceblast (8)
Scrolls
 f - 5 scrolls of remove curse
 k - a scroll of enchant armour
 o - 2 scrolls of amnesia
 r - 2 scrolls of enchant weapon
 v - a scroll of random uselessness {unknown}
 y - 3 scrolls of teleportation
 B - a scroll of fear
 F - a scroll of identify
 I - a scroll of magic mapping
Potions
 j - a potion of flight {unknown}
 l - 4 potions of heal wounds
 m - a potion of invisibility {unknown}
 q - 2 potions of ambrosia {unknown}
 x - 3 potions of berserk rage {unknown}
 z - a potion of lignification {unknown}
 A - a potion of haste {unknown}
 E - a potion of curing {unknown}
 G - a potion of stabbing {unknown}
 L - 2 potions of magic {unknown}
Comestibles
 d - 10 rations


   Skills:
 - Level 1.1(2.8) Short Blades
 - Level 3.0(4.6) Dodging
 + Level 7.2(9.1) Stealth
 - Level 2.6 Spellcasting
 + Level 3.6(5.3) Hexes


You had 2 spell levels left.
You knew the following spells:

 Your Spells              Type           Power        Failure   Level  Hunger
b - Ensorcelled Hibernat  Hex/Ice        ##....       6%          2    ##.....
c - Confusing Touch       Hex            ###.....     4%          3    ###....

Your spell library contained the following spells:

 Spells                   Type           Power        Failure   Level  Hunger
 Corona                   Hex            ###....      1%          1    #......
 Tukima's Dance           Hex            ###.....     4%          3    ###....
 Dazzling Flash           Conj/Hex       ##....       12%         3    ###....


Dungeon Overview and Level Annotations

Branches:
Dungeon (11/15)            Temple (0/1) D:7             Orc (0/2) D:9
   Lair: D:8-11

Altars:
Ashenzari
Cheibriados
Dithmenos
Elyvilon
Hepliaklqana
Nemelex Xobeh
Ru

Shops:
D:7 *   D:9 (

Annotations:
D:5 exclusions: centaur, ogre and orc priest
D:6 exclusions: bullfrog, ogre and worker ant, Maggie
D:7 exclusion: 3 gnolls
D:8 1 transporter, exclusions: kobold and 3 sensed monsters (detected), ra1n577's ghost, novice DDFi
D:9 exclusions: hornet and sensed monster (detected)
D:10 exclusions: bullfrog, killer bee, orc, wizard and yak, Urug


Innate Abilities, Weirdness & Mutations

You are very small and have problems with some larger weapons.
You are too small for most types of armour.
You have supernaturally acute eyesight. (SInv)
You are a herbivore.
You cover ground extremely quickly.
You need to consume almost no food.


Message History

d - 10 rations (gained 1)
As you read the scroll of identify, it crumbles to dust.
i - 2 potions of degeneration Drop what? 39/52 slots (_ for help) (? for menu, Esc to quit)
You drop 2 potions of degeneration.
A killer bee comes into view.
Found a stone staircase leading up.
There is a stone staircase leading down here.
You climb downwards.
You have a vision of a gate.
There is a stone staircase leading up here.
You climb upwards.
Level annotation: exclusions: bullfrog, killer bee, orc, wizard and yak, Urug
There is a stone staircase leading down here.
A wizard comes into view. It is wielding a +0 dagger.
The wizard shouts!
The wizard casts a spell at you. The bolt of lightning hits you!!
Ouch! That really hurt!
You die...

#######....!.#
#............#
#............#
*##..........#
#..........#
#..........#
#..........########
#..#+###...........
#.@# ,,#...........
#..# , #........... *
#..#, #........... ,
...# #........... ,
,,..............(.....
,.....................
,
#....p..............##
,
##..................#
,..............#


You could see a wizard.

Vanquished Creatures
  A hound (D:4)
  A howler monkey zombie (D:7)
  A dart slug (D:1)
  2 goblins (D:1)
  A hobgoblin (D:1)
  3 bats
  A jackal skeleton (D:4)
  A kobold (D:1)
  A rat (D:2)
12 creatures vanquished.

Notes
Turn   | Place    | Note
-------+----------+-------------------------------------------
     0 | D:1      | Masnef the Spriggan Enchanter began the quest for the Orb.
     0 | D:1      | Reached XP level 1. HP: 9/9 MP: 5/5
   847 | D:1      | Reached skill level 5 in Stealth
  1333 | D:2      | Reached XP level 2. HP: 7/13 MP: 6/6
  1404 | D:2      | Learned a level 2 spell: Ensorcelled Hibernation
  1672 | D:3      | Found a shattered altar of Ashenzari.
  1826 | D:3      | Became a worshipper of Ashenzari the Shackled
  2092 | D:4      | Identified the +1 leather armour of Transparent Life {rElec
                  | rN+ MR+}
  2117 | D:4      | Noticed an ogre
  2148 | D:4      | Found a shadowy altar of Dithmenos.
  2343 | D:4      | Reached skill level 6 in Stealth
  2343 | D:4      | Reached XP level 3. HP: 16/16 MP: 8/8
  2348 | D:4      | Learned a level 3 spell: Confusing Touch
  2379 | D:4      | Found a hazy altar of Hepliaklqana.
  2413 | D:4      | Found a snail-covered altar of Cheibriados.
  2421 | D:5      | Entered Level 5 of the Dungeon
  2465 | D:5      | Noticed an ogre
  2592 | D:4      | Found a sacrificial altar of Ru.
  2613 | D:5      | Noticed a scorpion
  2613 | D:5      | Noticed a centaur
  3037 | D:3      | Reached * piety under Ashenzari
  3357 | D:5      | Found a white marble altar of Elyvilon.
  3640 | D:6      | Noticed Maggie
  3640 | D:6      | Noticed an ogre
  3728 | D:6      | Noticed a bullfrog
  3900 | D:7      | Reached skill level 7 in Stealth
  3907 | D:7      | Reached ** piety under Ashenzari
  3907 | D:7      | Found Badgh's Assorted Antiques.
  3915 | D:7      | Bought a shiny pearl ring for 160 gold pieces
  3915 | D:7      | Bought a coppery potion for 28 gold pieces
  3915 | D:7      | Bought a lumpy blue potion for 28 gold pieces
  3915 | D:7      | Bought a scroll labeled QOCELANGIU for 32 gold pieces
  3915 | D:7      | Bought a scroll labeled XURABL DIWKIUM for 32 gold pieces
  3928 | D:7      | Found a staircase to the Ecumenical Temple.
  4030 | D:6      | Noticed a scorpion
  4138 | D:7      | Noticed a centaur
  4157 | D:8      | Found a sparkling altar of Nemelex Xobeh.
  4321 | D:8      | Found a transporter.
  4336 | D:8      | Noticed ra1n577's ghost (novice DDFi)
  4669 | D:9      | Reached *** piety under Ashenzari
  4675 | D:9      | Found a snail-covered altar of Cheibriados.
  4709 | D:9      | Found a staircase to the Orcish Mines.
  4713 | D:9      | Noticed a hornet
  4729 | D:9      | Noticed a sky beast
  4739 | D:9      | Noticed a wyvern
  4739 | D:9      | Noticed a bullfrog
  4832 | D:9      | Noticed a phantom
  5105 | D:9      | Found Orewnoah's Antique Weapon Shoppe.
  5125 | D:10     | Entered Level 10 of the Dungeon
  5153 | D:10     | Noticed a bullfrog
  5172 | D:10     | Noticed a yak
  5180 | D:10     | Noticed a yak
  5224 | D:10     | Noticed an ice beast
  5244 | D:10     | Noticed Urug
  5255 | D:10     | Noticed a wizard
  5289 | D:10     | Noticed a killer bee
  5324 | D:10     | Noticed a wizard
  5325 | D:10     | Killed from afar by a wizard

Illustrated notes

Levels and vault maps discovered:
D:1:      shiori_shiawase, layout_basic
D:2:      layout_loops_ring, grunt_temple_overflow_growth_and_decay,
          nicolae_qazlal_eye_of_the_storm, minmay_lizard_king
D:3:      layout_basic, ashenzari_conservatory_becter,
          kennysheep_generic_room_10
D:4:      layout_rooms, old_standard_altar, kennysheep_little_box,
          overflow_temple_1_default, nicolae_ru_sacrificial_ziggurat
D:5:      layout_loops_cross, elyvilon_altar_3, first_ration, chequers_avenue
D:6:      layout_rooms, enter_ossuary_3, uniq_maggie, uniq_pikel
D:7:      layout_cave_pools, lemuel_coloured_pillars_altar, tso_altar,
          lemuel_round_altar, minmay_temple_entry_large_hall, serial_gnoll_camp,
          gnoll_camp_mini_loothouse, gnoll_camp_mini_shop,
          gnoll_camp_mini_sergeant, gnoll_camp_mini_shop,
          gnoll_camp_mini_doghouse, serial_shops, shop_statue,
          grunt_decor_arrowhead
D:8:      layout_basic, lemuel_crystal_altar, gammafunk_ghost_stat_death,
          grunt_ogre_cave
D:9:      layout_loops_ring, marbit_many_paths, orc_0_dummy, serial_shops,
          nicolae_shop_stone, cheibrodos_worm_habitat
D:10:     minmay_smoke_and_mirrors, layout_irregular_city, nrook_mini_backslash,
          uniq_urug
D:11:     layout_loops_corners, lair_entry_dummy, enter_trove_3,
          minmay_checkerbox

Skill      XL: |  1  2  3 |
---------------+----------+-----
Stealth        | 5 6 7 |  7.2
Short Blades   | |  1.1
Dodging        | |  3.0
Spellcasting   | |  2.6
Hexes          | |  3.6

Action                   || total
-------------------------++-------
Melee: Dagger            ||    48
 Cast: Corona            ||     2
       Ensorcelled Hiber ||    22
Invok: Curse Item        ||     5
  Use: Scroll            ||     8
 Stab: Sleeping          ||     4
  Eat: Ration            ||     1
Armor: Robe              ||    13
Dodge: Dodged            ||   117
Block: Buckler           ||    47
